 Seeded DCSS version 0.28.0 (webtiles) character file.

Game seed: 10379525442082979767 (custom seed)

72 hikkokomori the Bolt Thrower (level 4, 0/35 HPs)
             Began as a Formicid Hunter on Feb 16, 2022.
             Slain by a gnoll (3 damage)
             ... on level 3 of the Dungeon.
             The game lasted 00:02:42 (2318 turns).

hikkokomori the Bolt Thrower (Formicid Hunter)      Turns: 2318, Time: 00:02:43

Health: 0/35       AC:  3    Str: 16    XL:     4   Next: 50%
Magic:  4/4        EV: 11    Int: 13    God:
Gold:   37         SH:  0    Dex: 11    Spells: 3/3 levels left

rFire   . . .      SeeInvis +   a - +1 hand crossbow
rCold   . . .      Faith    .   (no shield)
rNeg    . . .      Spirit   .   c - +0 leather armour
rPois   .          Reflect  .   (helmet unavailable)
rElec   .          Harm     .   (no cloak)
rCorr   .          Rampage  .   (no gloves)
Will    .....                   (no boots)
Stlth   ++........              (no amulet)
HPRegen 0.11/turn               (no ring)
MPRegen 0.09/turn               (no ring)

@: no status effects
A: permanent stasis, dig shafts and tunnels, antennae 3, four strong arms
a: Dig, Shaft Self


You were on level 3 of the Dungeon.
You visited 1 branch of the dungeon, and saw 3 of its levels.

You collected 37 gold pieces.

Inventory:

Hand Weapons
 a - a +1 hand crossbow (weapon)
 b - a +0 short sword
Missiles
 d - 29 bolts (quivered ammo)
Armour
 c - a +0 leather armour (worn)
Scrolls
 g - a scroll of immolation {unknown}
 h - 2 scrolls of teleportation {unknown}
 i - a scroll of brand weapon {unknown}
 j - a scroll of identify {unknown}
Potions
 e - a potion of degeneration {unknown}
 f - a potion of curing {unknown}


   Skills:
 + Level 3.3 Fighting
 + Level 4.5 Crossbows
 - Level 1.7 Dodging
 + Level 3.1 Stealth


You had 3 spell levels left.
You didn't know any spells.
Your spell library was empty.

Dungeon Overview and Level Annotations

Branches:
Dungeon (3/15)

Altars:

Shops:
D:3 ?


Innate Abilities, Weirdness & Mutations

You cannot be hasted, slowed, berserked, paralysed or teleported.
You can dig through walls and to a lower floor.
You have a pair of large antennae on your head. (SInv)
Your four strong arms can wield two-handed weapons with a shield.


Message History

There is an entrance to Vynolin's Magic Scroll Boutique here.
You sense a monster nearby.
The gnoll shouts!
You hear a shout!
a - a +1 hand crossbow (weapon)
You shoot a bolt. The bolt barely misses the gnoll.
You shoot a bolt. The bolt hits the gnoll!
The gnoll is almost dead.
The gnoll hits you from afar with a +0 halberd!
You shoot a bolt. The bolt hits the gnoll!
You kill the gnoll!
You shoot a bolt. The bolt barely misses the gnoll.
You shoot a bolt. The bolt hits the gnoll!
The gnoll is heavily wounded.
The gnoll hits you from afar with a +0 spear!
You are too injured to fight recklessly!
You are too injured to fight recklessly!
You are too injured to fight recklessly!
Fire: 32 bolts
Press: ? - help, Q - select action, (/) - cycle Shift-Dir - straight line, f/p - gnoll
Aim: a gnoll, wielding a +0 spear (heavily wounded, 68% to hit)
You shoot a bolt. The bolt closely misses the gnoll.
The gnoll hits you but does no damage.
Fire: 31 bolts
Press: ? - help, Q - select action, (/) - cycle Shift-Dir - straight line, f/p - gnoll
Aim: a gnoll, wielding a +0 spear (heavily wounded, 68% to hit)
You shoot a bolt.
The bolt hits the gnoll but does no damage.
The gnoll is heavily wounded.
The gnoll hits you from afar with a +0 spear. x2
* * * LOW HITPOINT WARNING * * *
Fire: 30 bolts
Press: ? - help, Q - select action, (/) - cycle Shift-Dir - straight line, f/p - gnoll
Aim: a gnoll, wielding a +0 spear (heavily wounded, 68% to hit)
You shoot a bolt. The bolt hits the gnoll.
The gnoll is severely wounded.
The gnoll hits you from afar with a +0 spear!
* * * LOW HITPOINT WARNING * * *
There is a stone staircase leading up here.
The gnoll hits you from afar with a +0 spear.
You die...

<.......(....
........#.#.#
gg..{..##)#.## #+#
......###.#..# #.#
.#.g.#(.(....###.#
.......##......#∩#
.......##.....g..+
....(..##....##..+
#.##.###@# #. ...
#.# .......#.#
##.####.#+# #. ..
# ##


You could see a gnoll.

Vanquished Creatures
  2 gnolls (D:3)
  2 adders (D:2)
  2 dart slugs
  2 giant cockroaches
  2 goblins (D:2)
  2 hobgoblins
  A quokka (D:1)
  3 ball pythons
  6 bats
  4 frilled lizards
  5 kobolds
  3 rats
34 creatures vanquished.

Notes
Turn   | Place    | Note
-------+----------+-------------------------------------------
     0 | D:1      | hikkokomori the Formicid Hunter began the quest for the
                  | Orb.
     0 | D:1      | Reached XP level 1. HP: 16/16 MP: 1/1
   135 | D:1      | Reached XP level 2. HP: 23/23 MP: 2/2
   877 | D:2      | Reached XP level 3. HP: 18/28 MP: 3/3
  1839 | D:2      | Reached XP level 4. HP: 33/35 MP: 4/4
  2285 | D:3      | Found Vynolin's Magic Scroll Boutique.
  2318 | D:3      | Slain by a gnoll

Illustrated notes

Levels and vault maps discovered:
D:1:      minmay_arrival_arboretum_small, layout_basic
D:2:      layout_basic
D:3:      layout_loops_cross, serial_shops, nicolae_shop_hallway_stairs,
          ebering_ecumenical_altar_ruins, uniq_sigmund

Skill      XL: |  1  2  3  4 |
---------------+-------------+-----
Stealth        | 2 3 |  3.1
Fighting       | 3 |  3.3
Crossbows      | |  4.5
Dodging        | |  1.7

Action                   |  1- 3 |  4- 6 || total
-------------------------+-------+-------++-------
Melee: Short sword       |    92 |     8 ||   100
       Punch             |     1 |       ||     1
 Fire: Hand crossbow     |    28 |    11 ||    39
 Stab: Sleeping          |     2 |       ||     2
Armor: Leather armour    |    22 |     3 ||    25
Dodge: Dodged            |    81 |    14 ||    95
